 Dungeon Sprint DCSS version 0.17-a0-1663-gb806841 (webtiles) character file.

366 Kidiri the Covert (level 6, -5/28 HPs)
             Began as a Spriggan Enchanter on Aug 16, 2015.
             Slain by a boulder beetle (33 damage)
             ... in the Dungeon (Sprint II: "The Violet Keep of Menkaure").
             The game lasted 00:01:27 (285 turns).

Kidiri the Covert (Spriggan Enchanter)               Turns: 285, Time: 00:01:27

Health: -5/28      AC:  3    Str:  4    XL:     6   Next: 40%
Magic:  18/18      EV: 26    Int: 17    God:
Gold:   729        SH:  0    Dex: 18    Spells: 5 memorised, 9 levels left

rFire  . . .     SeeInvis +     a - +1 dagger
rCold  . . .     Clarity  .     b - +1 robe
rNeg   . . .     SustAt   .     (shield restricted)
rPois  .         Gourm    .     (helmet restricted)
rElec  .         Spirit   .     (no cloak)
rCorr  .         Warding  .     (gloves unavailable)
rMut   .         NoTele   +     (boots unavailable)
MR     +....                    (no amulet)
Stlth  +++++.....               (no ring)
                                (no ring)

@: very quick, somewhat resistant to hostile enchantments, quite stealthy
A: unfitting armour, see invisible, herbivore 3, speed 3, slow metabolism 2
a: no special abilities


You were in the Dungeon.
You were not hungry.

You visited 1 branch You collected 729 gold pieces.

Inventory:

Hand weapons
 a - a +1 dagger (weapon)
Armour
 b - a +1 robe (worn)
Scrolls
 j - a scroll of blinking
Potions
 e - a potion of curing
 f - a potion of heal wounds
 g - a potion of haste
 h - 2 potions of magic
 i - a potion of berserk rage
Comestibles
 d - a bread ration


   Skills:
 + Level 4.8 Short Blades
 * Level 9.6 Dodging
 * Level 10.7 Stealth
 * Level 8.1 Spellcasting
 + Level 2.4 Conjurations
 + Level 6.5 Hexes
 + Level 2.6 Ice Magic


You had 9 spell levels left.
You knew the following spells:

 Your Spells              Type           Power        Failure   Level  Hunger
a - Corona                Hex            ####...      1%          1    None
b - Ensorcelled Hibernat  Hex/Ice        ###...       2%          2    None
c - Confuse               Hex            ####....     1%          3    #......
d - Tukima's Dance        Hex            ####....     1%          3    #......
e - Dazzling Spray        Conj/Hex       ###.....     6%          3    #......


Dungeon Overview and Level Annotations

Branches:
Dungeon (1/1)

Altars:


Innate Abilities, Weirdness & Mutations

You are tiny and cannot use many weapons and most armour.
You have supernaturally acute eyesight.
You are a herbivore.
You cover ground extremely quickly.
You need consume almost no food.


Message History

You butcher the worm corpse.
You see here 2 chunks of flesh.
You see here a worm corpse.
You butcher the worm corpse.
You see here 2 chunks of flesh.
You see here 2 chunks of flesh.
You now have 729 gold pieces (gained 243).
There is an open door here.
You close the door.
There is a staircase leading out of the dungeon here.
You open the door. 2 boulder beetles come into view.
Found 243 gold pieces.
There is an open door here.
The helpless boulder beetle fails to defend itself.
You spit the boulder beetle like a pig!!!
The boulder beetle is almost dead.
The boulder beetle bites you!!
Ouch! That really hurt!
You die...

##...##
#%##.:#
####%######
##.###+###%##
#.%###.##.%.#
+##.+.<.+.##+
#..###.####
##.###'#
####@#.#
#.B#B.#
##$#.## ##+##


You could see a boulder beetle.

Vanquished Creatures
  4 brain worms (D)
  4 worker ants (D)
  2 worms (D)
10 creatures vanquished.

Notes
Turn   | Place    | Note
--------------------------------------------------------------
     0 | D        | Kidiri the Spriggan Enchanter began the quest for the Orb.
     0 | D        | Reached XP level 1. HP: 9/9 MP: 5/5
     1 | D        | Noticed a brain worm
     5 | D        | Killed a brain worm
     5 | D        | Reached skill level 6 in Dodging
     5 | D        | Reached skill level 7 in Stealth
     5 | D        | Reached skill level 5 in Spellcasting
     5 | D        | Reached XP level 2. HP: 13/13 MP: 6/9
     5 | D        | Reached XP level 3. HP: 16/16 MP: 6/10
     6 | D        | Noticed a brain worm
    12 | D        | Learned a level 2 spell: Ensorcelled Hibernation
    16 | D        | Learned a level 3 spell: Confuse
    20 | D        | Learned a level 3 spell: Tukima's Dance
    24 | D        | Learned a level 3 spell: Dazzling Spray
   144 | D        | Killed a brain worm
   144 | D        | Reached skill level 8 in Stealth
   144 | D        | Reached skill level 1 in Conjurations
   144 | D        | Reached skill level 5 in Hexes
   144 | D        | Reached skill level 1 in Ice Magic
   144 | D        | Reached XP level 4. HP: 21/21 MP: 7/13
   144 | D        | Reached XP level 5. HP: 24/24 MP: 7/14
   194 | D        | Noticed a brain worm
   194 | D        | Noticed a brain worm
   196 | D        | Killed a brain worm
   196 | D        | Reached skill level 9 in Stealth
   198 | D        | Killed a brain worm
   198 | D        | Reached skill level 10 in Stealth
   198 | D        | Reached XP level 6. HP: 28/28 MP: 15/17
   218 | D        | Noticed a worker ant
   218 | D        | Noticed a worker ant
   220 | D        | Noticed a worker ant
   220 | D        | Noticed a worker ant
   221 | D        | Killed a worker ant
   222 | D        | Killed a worker ant
   226 | D        | Killed a worker ant
   230 | D        | Killed a worker ant
   282 | D        | Noticed a boulder beetle
   282 | D        | Noticed a boulder beetle
   285 | D        | Slain by a boulder beetle

Vault maps used:
D:        the_violet_keep_of_menkaure

Action                   |  1- 3 |  4- 6 || total
-------------------------+-------+-------++-------
Melee: Dagger            |     3 |    12 ||    15
 Cast: Ensorcelled Hiber |     1 |     2 ||     3
 Stab: Sleeping          |     2 |     9 ||    11
